 Dungeon Crawl Stone Soup version 0.29.1-1-gd02db6906a (webtiles) character file.

Game seed: 5775741652215295010

4260 hawla the Arsonist (level 10, -5/78 HPs)
             Began as a Meteoran Fire Elementalist on Oct 3, 2022.
             Was an Initiate of Vehumet.
             Slain by a hornet (16 damage)
             ... on level 8 of the Dungeon.
             The game lasted 00:24:51 (4320 turns).

hawla the Arsonist (Meteoran Fire Elementalist)     Turns: 4320, Time: 00:24:52

Health: -5/78      AC:  4    Str: 14    XL:     10   Next: 86%
Magic:  6/26       EV: 14    Int: 20    God:    Vehumet [......]
Gold:   421        SH:  0    Dex: 15    Spells: 16/26 levels left

rFire   . . .      SeeInvis .   k - staff of conjuration
rCold   . . .      Faith    .   (no shield)
rNeg    . . .      Spirit   .   a - +0 robe
rPois   .          Reflect  .   v - +1 hat
rElec   .          Harm     .   (no cloak)
rCorr   .          Rampage  +   (no gloves)
Will    +++..                   y - +0 pair of boots "Xubip Xiakh" {Rampage Str+3}
Stlth   +.........              (no amulet)
HPRegen 0.23/turn               i - ring of willpower
MPRegen 0.20/turn               (no ring)

@: slowed, glowing, very slow
A: sense surroundings 2, otherworldly, glowing, explore regen, high MP 1,
strong-willed 1, screaming 1
a: Renounce Religion


You were on level 8 of the Dungeon.
You worshipped Vehumet.
Vehumet was noncommittal.
You visited 2 branches of the dungeon, and saw 9 of its levels.

You collected 421 gold pieces.

Inventory:

Hand Weapons
 q - a +0 broad axe
 r - the +2 lajatang of the Sneaky Places {vorpal, *Slow rC+ Will+ SInv}
   (You found it on level 5 of the Dungeon)

   It inflicts extra damage upon your enemies.
   rC:        It protects you from cold.
   SInv:      It lets you see invisible.
   *Slow:     It may slow you when you take damage.
   Will:      It increases your willpower.
Missiles
 m - a throwing net
Armour
 a - a +0 robe (worn)
 v - a +1 hat (worn)
 y - the +0 pair of boots "Xubip Xiakh" (worn) {Rampage Str+3}
   (You found it on level 6 of the Dungeon)

   Str:       It affects your strength (+3).
   Rampage:   It bestows one free step when moving towards enemies.
Magical Staves
 k - a staff of conjuration (weapon)
Jewellery
 d - a ring of ice
 i - a ring of willpower (left hand)
 u - a +4 ring of protection
Wands
 b - a wand of light (8)
 e - a wand of polymorph (15)
 j - a wand of paralysis (11)
 w - a wand of roots (5)
Scrolls
 f - 3 scrolls of teleportation
 g - a scroll of identify
 t - a scroll of amnesia
 x - a scroll of enchant weapon
Potions
 c - a potion of heal wounds
 h - a potion of ambrosia
 n - 2 potions of flight
 o - 2 potions of cancellation
 p - a potion of might
 s - 2 potions of brilliance
 z - a potion of magic


   Skills:
 + Level 3.8 Fighting
 + Level 1.3 Axes
 + Level 3.4 Staves
 + Level 4.5 Dodging
 - Level 1.4 Stealth
 + Level 8.7 Spellcasting
 + Level 6.4 Conjurations
 + Level 4.0 Necromancy
 + Level 11.5 Fire Magic
 + Level 1.5 Evocations


You had 16 spell levels left.
You knew the following spells:

 Your Spells              Type           Power      Damage    Failure   Level
a - Foxfire               Conj/Fire      100%       2x1d9     1%          1
b - Scorch                Fire           100%       2d10      1%          2
c - Flame Wave            Conj/Fire      61%        2d14      1%          4
d - Vampiric Draining     Necr           24%        2d7       4%          3

Your spell library contained the following spells:

 Spells                   Type           Power      Damage    Failure   Level
 Necrotise                Necr           96%        1d8       1%          1
 Shock                    Conj/Air       100%       1d9       1%          1
 Conjure Flame            Conj/Fire      61%        6-21      1%          3
 Inner Flame              Hex/Fire       31%        N/A       2%          3
 Stone Arrow              Conj/Erth      64%        3d11      6%          3
 Beastly Appendage        Tmut           16%        N/A       8%          1
 Sandblast                Erth           16%        2d6       8%          1
 Passwall                 Tmut/Erth      6%         N/A       12%         2
 Wereblood                Tmut           8%         N/A       12%         2
 Gell's Gravitas          Tloc           8%         N/A       24%         3
 Lesser Beckoning         Tloc           8%         N/A       24%         3
 Spider Form              Tmut/Pois      8%         N/A       24%         3
 Swiftness                Air            8%         N/A       24%         3
 Teleport Other           Tloc           8%         N/A       24%         3
 Agony                    Necr           24%        N/A       38%         5
 Airstrike                Air            4%         2d(1-17)  61%         4


Dungeon Overview and Level Annotations

Branches:
Dungeon (8/15) Zot: 709    Temple (1/1) D:7 Zot: 545
   Lair: D:8-11

Altars:
Ashenzari
Cheibriados
Fedhas
Gozag
Kikubaaqudgha
Nemelex Xobeh
Okawaru
Ru
Sif Muna
Trog
Uskayaw
Vehumet
Wu Jian
Yredelemnul
Zin

Shops:
D:1 =

Annotations:
D:4 1 runed translucent door, experimilk's ghost, novice PaFi


Innate Abilities, Weirdness & Mutations

You passively map the area around you.
You are easily found by Zot.
You glow in the dark.
You regain HP and MP as you explore.
You have an increased reservoir of magic. (+10% MP)
You are strong-willed. (Will+)
You occasionally shout uncontrollably at your foes.


Message History

The kobold brigand is heavily wounded.
You finish channelling waves of flame.
You hear a shout! x2
The yak gores you. The yak misses you. The yak misses you.
The yak gores you! x2
As you read the scroll of teleportation, it crumbles to dust.
You feel strangely unstable.
A wight comes into view. It is wielding a +0 trident.
The yak gores you! x2
* * * LOW HITPOINT WARNING * * *
The yak gores you!
* * * LOW HITPOINT WARNING * * *
You feel much better. The yak gores you!
* * * LOW HITPOINT WARNING * * *
The yak gores you!
* * * LOW HITPOINT WARNING * * *
The yak barely misses you.
You feel much better.
Your surroundings seem slightly different. 2 kobold brigands and a hornet come into view.
A kobold brigand is wielding a +0 club and quivering curare-tipped darts.
A kobold brigand is wielding a +0 short sword and quivering poisoned darts.
The kobold brigand shouts! x2; The hornet buzzes angrily.
You hear a shout! x2
The kobold brigand throws a curare-tipped dart.
The curare-tipped dart hits you.
You are poisoned.
You have difficulty breathing.
* * * LOW HITPOINT WARNING * * *
You feel yourself slow down.
The kobold brigand throws a curare-tipped dart.
The curare-tipped dart hits you.
You are more poisoned.
You have difficulty breathing.
* * * LOW HITPOINT WARNING * * *
You feel as though you will be slow longer.
You hear a shout! x2
You feel better.
You hear a shout! x2
A kobold brigand comes into view.
It is wielding a +0 dagger and quivering poisoned darts.
The hornet stings you!
You die...

##...## ,
##.....#.,.......,
#......#.##.....# . ,
#....§Y.K##.....#....
#....#zYY............,,
###.C###.#.K........... ,
, ##.#...# ###Y.........#
, ,
#.....#####...........##
*
#.........#..)@....$...#
, ,
##..†...#.#).y.)......###
##.######.K.............
* #<# , #.K.............,
, ### ,, #.......<.......
,, ,,,#<............#., *
#....##........., , #K...
#.........,, * , #...
###.......


You could see 4 yaks, a hornet, 4 kobold brigands, a wight and a kobold.

Vanquished Creatures
  Pikel (D:6)
  Maggie (D:6)
  Grinder (D:5)
  Prince Ribbit (D:8)
  Sigmund (D:4)
  A wyvern (D:7)
  Eustachio (D:4)
  4 yaks
  Menkaure (D:6)
  An orc warrior (D:6)
  3 black bears
  4 lemures (D:6)
  A kobold brigand (D:8)
  A bullfrog (D:6)
  2 necrophages
  3 scorpions
  6 killer bees
  2 jellies (D:6)
  4 orc priests
  5 hounds
  Ijyb (D:4)
  4 iguanas
  4 orc wizards
  4 gnolls (D:5)
  11 adders
  A shadow imp (D:5)
  A white imp (D:3)
  2 ufetubi (D:5)
  A worm (D:4)
  3 dart slugs
  24 orcs
  11 bats
  7 endoplasms
  3 giant cockroaches
  13 goblins
  9 hobgoblins
  2 quokkas (D:2)
  9 ball pythons
  4 frilled lizards
  2 kobolds
  7 rats (D:1)
167 creatures vanquished.

Vanquished Creatures (others)
  215 foxfires
215 creatures vanquished.

Grand Total: 382 creatures vanquished

Notes
Turn   | Place    | Note
-------+----------+-------------------------------------------
     0 | D:1      | hawla the Meteoran Fire Elementalist began the quest for
                  | the Orb.
     0 | D:1      | Reached XP level 1. HP: 14/14 MP: 5/5
    28 | D:1      | Reached XP level 2. HP: 20/20 MP: 3/6
    51 | D:1      | Reached skill level 4 in Fire Magic
    83 | D:1      | Learned a level 2 spell: Scorch
    96 | D:1      | Reached XP level 3. HP: 26/26 MP: 1/8
   282 | D:1      | Found Giclyata's Jewellery Emporium.
   377 | D:2      | Reached XP level 4. HP: 19/33 MP: 1/10
   382 | D:2      | Learned a level 4 spell: Flame Wave
  1085 | D:2      | Reached skill level 5 in Fire Magic
  1085 | D:2      | Reached XP level 5. HP: 38/38 MP: 6/11
  1100 | D:2      | Glimpsed the power of Zot.
  1116 | D:3      | Gained mutation: You have an increased reservoir of magic.
                  | (+10% MP) [potion of mutation]
  1116 | D:3      | Gained mutation: You are strong-willed. (Will+) [potion of
                  | mutation]
  1116 | D:3      | Gained mutation: You occasionally shout uncontrollably at
                  | your foes. [potion of mutation]
  1224 | D:3      | Reached XP level 6. HP: 45/45 MP: 2/13
  1245 | D:3      | Reached skill level 6 in Fire Magic
  1701 | D:3      | Glimpsed the power of Zot.
  1751 | D:3      | Glimpsed the power of Zot.
  1791 | D:3      | Glimpsed the power of Zot.
  1800 | D:3      | Touched by the power of Zot.
  1802 | D:4      | Noticed experimilk's ghost (novice PaFi)
  1802 | D:4      | Found a runed translucent door.
  1855 | D:4      | Noticed a black bear
  1860 | D:4      | Killed a black bear
  1861 | D:4      | Reached skill level 7 in Fire Magic
  1962 | D:4      | Noticed Ijyb
  1965 | D:4      | Killed Ijyb
  1966 | D:4      | Reached XP level 7. HP: 44/45 MP: 9/14
  2006 | D:4      | Noticed Eustachio
  2015 | D:4      | Killed Eustachio
  2016 | D:4      | Reached skill level 8 in Fire Magic
  2068 | D:4      | Noticed Sigmund
  2078 | D:4      | Killed Sigmund
  2079 | D:4      | Reached XP level 8. HP: 47/57 MP: 3/16
  2501 | D:4      | Glimpsed the power of Zot.
  2529 | D:5      | Entered Level 5 of the Dungeon
  2529 | D:5      | Noticed Grinder
  2535 | D:5      | Reached skill level 9 in Fire Magic
  2547 | D:5      | Killed Grinder
  2578 | D:5      | Reached skill level 5 in Spellcasting
  2680 | D:5      | Reached skill level 1 in Fighting
  2680 | D:5      | Gained mutation: You passively map the area around you.
                  | [Meteoran growth]
  2680 | D:5      | Reached XP level 9. HP: 38/64 MP: 7/20
  2683 | D:5      | Reached skill level 10 in Fire Magic
  2687 | D:5      | Reached skill level 5 in Conjurations
  2708 | D:5      | Identified the +2 lajatang of the Sneaky Places {vorpal,
                  | *Slow rC+ Will+ SInv}
  2808 | D:5      | Found a glowing silver altar of Zin.
  2822 | D:5      | Found a blossoming altar of Fedhas.
  2831 | D:5      | Found a sparkling altar of Nemelex Xobeh.
  3166 | D:6      | Learned a level 3 spell: Vampiric Draining
  3227 | D:6      | Found a snail-covered altar of Cheibriados.
  3236 | D:6      | Noticed Menkaure
  3242 | D:6      | Killed Menkaure
  3284 | D:6      | Reached skill level 1 in Axes
  3284 | D:6      | Reached skill level 1 in Staves
  3352 | D:6      | Identified the +0 pair of boots "Xubip Xiakh" {Rampage
                  | Str+3}
  3514 | D:6      | Noticed Pikel
  3528 | D:6      | Killed Pikel
  3529 | D:6      | Reached XP level 10. HP: 53/77 MP: 17/23
  3548 | D:6      | Reached skill level 1 in Evocations
  3554 | D:6      | Noticed Maggie
  3561 | D:6      | Killed Maggie
  3680 | D:6      | Glimpsed the power of Zot.
  3865 | D:7      | Found a staircase to the Ecumenical Temple.
  3872 | Temple   | Entered the Ecumenical Temple
  3906 | Temple   | Became a worshipper of Vehumet
  4088 | D:8      | Noticed Prince Ribbit
  4093 | D:8      | Reached skill level 11 in Fire Magic
  4093 | D:8      | Killed Prince Ribbit
  4093 | D:8      | Noticed a cyclops
  4318 | D:8      | HP: 2/78 [yak (9)]
  4320 | D:8      | Slain by a hornet

Illustrated notes

Levels and vault maps discovered:
D:1:      eino_arrival_druids_welcome, layout_rooms, serial_shops, shop
D:2:      layout_loops_corners
D:3:      kb_forest_paths, layout_loops_ring, minivault_23
D:4:      layout_basic, hellmonk_ghost_happy_afterlife, uniq_eustachio,
          uniq_sigmund, uniq_ijyb
D:5:      layout_cave_pools, gammafunk_temple_overflow_forgotten,
          serial_column_ruins, column_ruins_square_huge,
          column_ruins_open_medium_water, column_ruins_corridor_dead_end,
          column_ruins_grid_3, uniq_grinder
D:6:      layout_gridville, mainiacjoe_overflow_24_doors, uniq_menkaure,
          uniq_maggie, uniq_pikel
D:7:      layout_rooms, minmay_temple_entry_hall, st_stairs_8
D:8:      layout_cave_pools, special_room [special_room_kobold],
          columned_hall_lemuel, uniq_prince_ribbit1
Temple:   hc_temple_tempest_star

Skill      XL: |  1  2  3  4  5  6  7  8  9 10 |
---------------+-------------------------------+-----
Spellcasting   | 3 4 5 7 8 |  8.7
Fire Magic     | 4 5 7 8 9 10 11 | 11.5
Conjurations   | 2 3 4 5 6 |  6.4
Dodging        | 3 4 |  4.5
Fighting       | 1 3 |  3.8
Necromancy     | 4 |  4.0
Axes           | 1 |  1.3
Staves         | 2 3 |  3.4
Evocations     | 1 |  1.5
Stealth        | |  1.4

Action                   |  1- 3 |  4- 6 |  7- 9 | 10-12 || total
-------------------------+-------+-------+-------+-------++-------
Melee: Unarmed           |     7 |    20 |       |       ||    27
       Broad axe         |       |       |    10 |       ||    10
       Lajatang          |       |       |    28 |       ||    28
       Staff             |       |       |       |    12 ||    12
 Cast: Foxfire           |    32 |    44 |    29 |    26 ||   131
       Scorch            |     7 |    40 |    23 |    16 ||    86
       Flame Wave        |       |     1 |    19 |     6 ||    26
  Use: Scroll            |     3 |     8 |     6 |     1 ||    18
       Potion            |       |     1 |     2 |     4 ||     7
Armor: Robe              |       |    19 |    18 |     8 ||    45
Dodge: Dodged            |     2 |    34 |    67 |    24 ||   127
